AoeStats
← zack

Arena

514586698Analyzed
4v4 RM · 29d ago on Oct 18, 2026· 46m 14s· 8 players
Game mode
Random Map
Map size
Large (8 player)
Population
200
Speed
Normal
Resources
Standard
Victory
Conquest
Starting age
Dark Age
Ending age
Imperial Age
RankedLock teamsTeams togetherTeam positionsShared explorationLock speedFull tech treeHidden civsTurbo modeCheats
Victory
Defeat
🇨🇳 Japanese · China
1202
+12
🇨🇳 Persians · China
1126
+16
🇭🇰 Wu · Hong Kong SAR China
1124
+16
🇭🇰 Franks · Hong Kong SAR China
1085
+16
vs
🇦🇷 Lithuanians · Argentina
1123
-15
🇳🇱 Ethiopians · Netherlands
1122
-15
🇹🇷 Turks · Türkiye
1117
-15
🇮🇳 Cumans · India
1109
-15
[NUM] GORDO
10:56 Feudal Age
15:04 Castle Age
14:17 Double-Bit Axe
19:37 Bloodlines
19:28 Husbandry
22:10 Scale Barding Armor
22:15 Forging
25:38 Forging
26:50 Horse Collar
31:34 Imperial Age
31:11 Chain Barding Armor
31:27 Iron Casting
31:38 Cavalier
33:06 Plate Barding Armor
Seres
10:26 Feudal Age
11:42 Double-Bit Axe
12:59 Loom
17:56 Castle Age
17:00 Horse Collar
17:12 Gold Mining
17:15 Stone Mining
22:05 Bow Saw
22:07 Heavy Plow
31:39 Imperial Age
29:58 Fletching
30:09 Padded Archer Armor
30:12 Scale Mail Armor
31:23 Gold Shaft Mining
30:44 Bodkin Arrow
31:43 Leather Archer Armor
31:12 Treadmill Crane
31:53 Ballistics
31:29 Murder Holes
32:51 Wheelbarrow
32:03 Town Watch
32:43 Chain Mail Armor
32:28 Arrowslits
33:25 Elite Janissary
34:25 Conscription
35:18 Bracer
36:09 Hand Cart
42:01 Ring Archer Armor
42:39 Plate Mail Armor
RedReddington
10:47 Feudal Age
14:41 Castle Age
12:44 Double-Bit Axe
16:15 Bow Saw
15:49 Horse Collar
19:13 Crossbowman
20:44 Fletching
25:11 Thumb Ring
26:40 Squires
26:52 Heavy Plow
27:21 Padded Archer Armor
27:18 Town Watch
28:44 Wheelbarrow
29:58 Bodkin Arrow
30:28 Ballistics
31:53 Scale Mail Armor
32:08 Leather Archer Armor
32:07 Masonry
33:20 Chain Mail Armor
33:31 Hand Cart
38:56 Imperial Age
38:28 Scale Barding Armor
快乐的小跑
9:16 Feudal Age
13:40 Loom
14:56 Man-at-Arms
17:11 Forging
17:01 Scale Mail Armor
17:02 Padded Archer Armor
26:37 Castle Age
25:48 Fletching
25:56 Double-Bit Axe
25:52 Horse Collar
32:10 Imperial Age
30:34 Wheelbarrow
29:44 Town Watch
29:51 Pikeman
30:33 Squires
30:34 Capped Ram
31:44 Heavy Plow
33:34 Bow Saw
33:18 Gold Mining
32:53 Halberdier
34:12 Iron Casting
33:53 Chain Mail Armor
33:53 Leather Archer Armor
34:11 Capped Ram
35:56 Blast Furnace
36:22 Leather Archer Armor
36:38 Plate Mail Armor
38:43 Siege Ram
40:35 Ring Archer Armor
43:43 Scale Barding Armor
43:34 Bodkin Arrow
willson_888
10:55 Feudal Age
12:48 Double-Bit Axe
15:26 Castle Age
14:01 Loom
21:00 Scale Barding Armor
25:21 Wheelbarrow
24:42 Gold Mining
25:03 Bow Saw
25:49 Husbandry
30:29 Imperial Age
28:56 Chain Barding Armor
28:46 Forging
29:15 Gold Shaft Mining
28:32 Stone Mining
30:21 Hand Cart
31:04 Iron Casting
30:35 Cavalier
32:29 Plate Barding Armor
32:54 Blast Furnace
33:11 Paladin
34:38 Conscription
37:17 Chemistry
37:16 Chivalry
38:09 Hoardings
42:05 Coinage
43:35 Banking
八月十五圓又圓
10:23 Feudal Age
14:45 Castle Age
12:44 Double-Bit Axe
15:50 Scale Mail Armor
15:55 Squires
16:20 Arson
17:05 Loom
22:06 Fletching
23:42 Pikeman
28:13 Gold Mining
28:35 Bow Saw
29:57 Wheelbarrow
31:24 Horse Collar
35:04 Imperial Age
37:15 Chain Mail Armor
37:11 Forging
40:56 Bodkin Arrow
41:39 Plate Mail Armor
41:27 Hand Cart
41:41 Bloodlines
41:32 Husbandry
41:48 Stone Mining
43:12 Ballistics
44:18 Conscription
44:06 Sitting Tiger
44:44 Town Watch
45:02 Heavy Plow
45:49 Red Cliffs Tactics
zack
10:42 Feudal Age
11:28 Double-Bit Axe
14:55 Castle Age
13:20 Horse Collar
15:37 Man-at-Arms
16:41 Heavy Plow
18:14 Scale Mail Armor
21:24 Loom
25:53 Bow Saw
28:13 Wheelbarrow
27:24 Town Watch
27:36 Gold Mining
30:14 Hand Cart
31:59 Gold Shaft Mining
34:53 Imperial Age
32:52 Chain Mail Armor
32:39 Padded Archer Armor
32:35 Stone Mining
32:53 Pikeman
33:47 Thumb Ring
34:03 Forging
33:44 Fletching
34:44 Leather Archer Armor
36:48 Two-Man Saw
35:31 Treadmill Crane
36:24 Plate Mail Armor
35:51 Halberdier
38:00 Bodkin Arrow
39:10 Fortified Wall
38:29 Heavy Cavalry Archer
39:52 Bracer
40:49 Conscription
41:26 Ballistics
42:10 Ring Archer Armor
42:38 Parthian Tactics
47:30 Chemistry
Longlonglong
11:50 Feudal Age
15:46 Castle Age
14:10 Double-Bit Axe
14:06 Horse Collar
23:53 Stone Mining
25:02 Bow Saw
24:53 Heavy Plow
28:30 Gold Mining
28:48 Scale Barding Armor
28:53 Forging
29:37 Husbandry
29:48 Bloodlines
28:59 Light Cavalry
33:05 Imperial Age
31:14 Wheelbarrow
31:33 Gold Shaft Mining
33:50 Chain Barding Armor
34:05 Iron Casting
34:38 Chemistry
33:39 Cavalier
35:11 Plate Barding Armor
35:21 Crop Rotation
34:48 Hussar
35:52 Conscription
35:58 Savar
38:10 Blast Furnace
Connection lost

Rejoining the realm…

Still unreachable

The connection could not be restored.

Session expired

The server has moved on; the page needs a fresh start.